 Dungeon Crawl Stone Soup version 0.31.0-9-g3a7656b989 (webtiles) character file.

Game seed: 6884931856979522239

45 qw the Shooter (level 3, -2/18 HPs)
             Began as a Spriggan Hunter on Feb 2, 2024.
             Slain by Robin
             ... wielding a +0 trident
              (3 damage)
             ... on level 2 of the Dungeon.
             The game lasted 00:00:03 (936 turns).

qw the Shooter (Spriggan Hunter)                     Turns: 936, Time: 00:00:03

Health: -2/18      AC:  2    Str:  7    XL:     3   Next: 42%
Magic:  4/4        EV: 19    Int: 10    God:
Gold:   15         SH:  0    Dex: 20    Spells: 2/2 levels left

rFire   . . .        a - +0 shortbow
rCold   . . .        (shield currently unavailable)
rNeg    . . .        c - +0 robe
rPois   .            (helmet restricted)
rElec   .            (no cloak)
rCorr   .            (gloves unavailable)
SInv    +            (boots unavailable)
Will    .....        (no amulet)
Stlth   ++           (no ring)
HPRegen 0.23/turn    (no ring)
MPRegen 0.09/turn

%: no passive effects
@: very quick
A: very small, no large weapons, unfitting armour, see invisible, speed 3
a: no special abilities


You were on level 2 of the Dungeon.
You visited 1 branch of the dungeon, and saw 2 of its levels.

You collected 15 gold pieces.


Innate Abilities, Weirdness & Mutations

You are very small and have problems with some larger weapons.
You are too small for most types of armour.
You have supernaturally acute eyesight. (SInv)
You cover ground extremely quickly. (Speed+++)


   Skills:
 - Level 1.5 Fighting
 + Level 4.7 Ranged Weapons
 - Level 4.0 Dodging
 - Level 1.5 Stealth


You had 2 spell levels left.
You didn't know any spells.
Your spell library was empty.

Inventory:

Hand Weapons
 a - a +0 shortbow (weapon)
Armour
 c - a +0 robe (worn)
Scrolls
 b - a scroll of enchant weapon {unknown}
Potions
 d - a potion of heal wounds {unknown}
 e - a potion of attraction {unknown}
 f - a potion of mutation {unknown}
 g - a potion of curing {unknown}
 j - a potion of might {unknown}

Dungeon Overview and Level Annotations

Branches:
Dungeon (2/15)

Altars:

Annotations:
D:2 Robin


Message History

The goblin is moderately wounded.
The goblin misses you. Robin throws the goblin at you!
You shoot an arrow. The arrow hits the goblin!
You kill the goblin!
The goblin closely misses you. Robin barely misses you.
You shoot an arrow. The arrow hits the goblin.
The goblin is heavily wounded.
Robin misses you. The goblin misses you.
You shoot an arrow. The arrow misses the goblin.
The goblin closely misses you.
A goblin comes into view. It is wielding a +0 dagger.
Robin misses you.
You shoot an arrow. The arrow hits the goblin.
You kill the goblin!
Robin roars a battlecry!
The hobgoblin goes into a battle-frenzy!
Robin closely misses you.
You shoot an arrow. The arrow completely misses Robin.
Robin misses you.
You shoot an arrow. The arrow hits the hobgoblin.
The hobgoblin is lightly wounded.
The goblin closely misses you.
Robin hits you from afar with a +0 trident.
You shoot an arrow.
The arrow hits the hobgoblin but does no damage.
The hobgoblin is lightly wounded.
The hobgoblin misses you. The goblin barely misses you.
Robin closely misses you.
You shoot an arrow. The arrow hits the hobgoblin.
You kill the hobgoblin!
The goblin closely misses you.
Robin hits you from afar with a +0 trident!
You shoot an arrow. The arrow completely misses the goblin.
The goblin hits you but does no damage. Robin completely misses you.
Robin misses you. The goblin closely misses you.
You shoot an arrow. The arrow closely misses the goblin.
The bat hits you. The bat misses you. The goblin barely misses you.
Robin hits you from afar with a +0 trident.
You die...
Robin calls out, "Let's celebrate!
Time for a feast!"

#.#####.###.##
#.......# #.#
######.[###.#########
#####
#................
....#
#.#..##.#########
###.#####.#.....#
###.#........#..#
....%.#.###[###)###
......#.# #.# #.@)#
......#.# .# #g#b##
......#.# .#
#.#.g###### ......#..
#.#.......# ......###
..#####)....# ###..%.
#.. >...... ######
#.# #..#### #.# ..#
g.#


You could see Robin, a goblin and a bat.

Vanquished Creatures
  2 ball pythons (D:1)
  5 endoplasms (D:1)
  A giant cockroach (D:1)
  12 goblins
  6 hobgoblins
  4 kobolds (D:1)
  A quokka (D:1)
  A bat (D:1)
  2 frilled lizards
  4 rats
38 creatures vanquished.

Notes
Turn   | Place    | Note
-------+----------+-------------------------------------------
     0 | D:1      | qw the Spriggan Hunter began the quest for the Orb.
     0 | D:1      | Reached XP level 1. HP: 10/10 MP: 2/2
     0 | D:1      | 0 ||| qw: Version: 0.3-a-155-g5e7d8dd
     0 | D:1      | 0 ||| qw: Game counter: 2706
     0 | D:1      | 0 ||| qw: Melee chars always use a shield: true
     0 | D:1      | 0 ||| qw: God list: Okawaru
     0 | D:1      | 0 ||| qw: Allow faded altars: false
     0 | D:1      | 0 ||| qw: Do Orc after clearing Dungeon:15 true
     0 | D:1      | 0 ||| qw: Do second Lair branch before Depths: true
     0 | D:1      | 0 ||| qw: Lair rune preference: random
     0 | D:1      | 0 ||| qw: Goals: Normal
     0 | D:1      | 0 ||| PLANNING D:1-11
    51 | D:1      | Reached skill level 3 in Dodging
   188 | D:1      | Reached XP level 2. HP: 14/14 MP: 3/3
   671 | D:1      | Reached XP level 3. HP: 18/18 MP: 4/4
   819 | D:1      | 819 ||| DROPPING +6 ring of intelligence.
   820 | D:1      | 820 ||| READING 2 scrolls labelled OHOCKE ANWI.
   821 | D:1      | 821 ||| DROPPING scroll of butterflies.
   822 | D:1      | 822 ||| DROPPING scroll of blinking.
   905 | D:2      | Noticed Robin
   907 | D:2      | 907 ||| FLEEEEING.
   909 | D:2      | 909 ||| FLEEEEING.
   910 | D:2      | 910 ||| FLEEEEING.
   914 | D:2      | 914 ||| FLEEEEING.
   934 | D:2      | HP: 1/18 [Robin/+0 trident (7)]
   936 | D:2      | Slain by Robin

Levels and vault maps discovered:
D:1:      mainiacjoe_arrival_oval_in_oval, layout_loops_corners, st_stairs_11
D:2:      layout_basic, uniq_jessica, uniq_robin

Skill      XL: |  1  2 |
---------------+-------+-----
Dodging        | 3 4 |  4.0
Fighting       | |  1.5
Ranged Weapons | |  4.7
Stealth        | |  1.5

Action                     || total
---------------------------++-------
   Fire: Shortbow          ||   100
    Use: Scroll            ||     1
 Armour: Robe              ||    15
  Dodge: Dodged            ||    48

Table legend:
 A = Non-vault XP
 B = Vault XP
 C = Vault XP percentage of total XP
 D = Non-vault monster count
 E = Vault monster count
 F = Vault count percentage of total count
                 A         B        C        D         E       F
            +---------+---------+-------+---------+---------+-------
      Total |      38 |      27 |  41.5 |      24 |      14 |  36.8
            +---------+---------+-------+---------+---------+-------
        D:1 |      33 |       9 |  21.4 |      20 |       5 |  20.0
        D:2 |       5 |      18 |  78.3 |       4 |       9 |  69.2
            +---------+---------+-------+---------+---------+-------
